[Event "*** Titled Tuesday Blitz"]
[Site "Chess.com"]
[Date "2020.02.04"]
[Round "8"]
[White "sganerdene"]
[Black "mitrabhaa"]
[Result "1-0"]
[WhiteElo "2728"]
[BlackElo "2577"]
[TimeControl "180+2"]
[EndTime "10:53:20 PST"]
[Termination "sganerdene won by resignation"]

1. e4 c6 2. d4 d5 3. Nc3 dxe4 4. Nxe4 Nf6 5. Nxf6+ exf6 6. c3 Bd6 7. Bd3 O-O 8. Ne2 Re8 9. O-O Nd7 10. Be3 Nf8 11. Qc2 Bg4 12. Rae1 Qc7 13. h3 Bh5 14. c4 Rad8 15. c5 Bh2+ 16. Kh1 Bxe2 17. Rxe2 Bf4 18. Rfe1 Bxe3 19. fxe3 g6 20. Rf1 Kg7 21. Qc3 Nd7 22. e4 Qg3 23. Ref2 Re7 24. Rf3 Qg5 25. Bc2 h5 26. Rg3 Qh4 27. Qe3 Rde8 28. Rf4 Qxf4 29.
Qxf4 Nf8 30. Rf3 Re6 31. Bb3 1-0

[Event "*** Titled Tuesday Blitz"]
[Site "Chess.com"]
[Date "2020.02.04"]
[Round "8"]
[White "riconaipe"]
[Black "victormago"]
[Result "0-1"]
[WhiteElo "2518"]
[BlackElo "2429"]
[TimeControl "180+2"]
[EndTime "10:53:34 PST"]
[Termination "victormago won by resignation"]

1. d4 Nf6 2. c4 c5 3. d5 e6 4. Nc3 exd5 5. cxd5 d6 6. e4 g6 7. Nge2 Bg7 8. Ng3 h5 9. Be2 a6 10. a4 Nbd7 11. O-O Qe7 12. f3 O-O 13. Be3 Ne5 14.
Qd2 Re8 15. Nh1 Nh7 16. Nf2 f5 17. Rae1 Bd7 18. exf5 gxf5 19. Nh3 Qf7 20. Kh1 Rab8 21. f4 Ng4 22. Bg1 b5 23. axb5 axb5 24. Bxg4 hxg4 25. Rxe8+ Rxe8 26. Ng5 Nxg5 27. fxg5 Qg6 28. Be3 Be5 29. Bf4 b4 30. Nd1 Bb5 31. Rf2 Bxf4 32. Rxf4 Qxg5 33. h3 Re2 34. Rxg4 Qxg4 0-1

[Event "*** Titled Tuesday Blitz"]
[Site "Chess.com"]
[Date "2020.02.04"]
[Round "8"]
[White "Tayson_7"]
[Black "bazar-wokzal"]
[Result "1-0"]
[WhiteElo "2669"]
[BlackElo "2544"]
[TimeControl "180+2"]
[EndTime "10:53:41 PST"]
[Termination "Tayson_7 won by resignation"]

1. e4 c5 2. Nf3 d6 3. d4 cxd4 4.
Nxd4 Nf6 5. Nc3 g6 6. f3 Bg7 7. Be3 a6 8. g4 b5 9. Qd2 h5 10. g5 Nfd7 11. O-O-O Bb7 12. Kb1 Nb6 13. f4 b4 14. Nd5 Nxd5 15. exd5 Bxd5 16. Bg2 Qa5 17. Nb3 Bxb3 18. axb3 O-O 19. Bxa8 Nd7 20. Bc6 Nc5 21. Bf2 Rc8 22. Bxc5 Qxc5 23. Be4 a5 24. Qd5 Qc7 25. Qb7 Qd8 26. Bc6 Rc7 27. Qa6 Qb8 28. Qa8 Qxa8 29. Bxa8 Bf8 30. Rd5 Ra7 31. Bc6 e6 32. Rb5 d5 33. Rb7 Ra6 34.
Be8 1-0

[Event "*** Titled Tuesday Blitz"]
[Site "Chess.com"]
[Date "2020.02.04"]
[Round "8"]
[White "ChristopherYoo"]
[Black "sergoy"]
[Result "1-0"]
[WhiteElo "2647"]
[BlackElo "2838"]
[TimeControl "180+2"]
[EndTime "10:53:42 PST"]
[Termination "ChristopherYoo won by resignation"]

1. e4 c5 2. Nf3 d6 3. d4 cxd4 4. Nxd4 Nf6 5. Nc3 a6 6. Bg5 e6 7. Qf3 Be7 8. O-O-O Nbd7 9. Be2 Qc7 10. Qg3 b5 11. a3 Bb7 12. Rhe1 Rc8 13. f4 Nxe4 14.
Nxe4 Bxe4 15. Bxe7 Kxe7 16. Bd3 Bxd3 17. Qxd3 Nc5 18.
Nf5+ Kf6 19. Qg3 Ne4 20. Qxg7+ Kxf5 21. g4+ Kxf4 22. Rf1+ 1-0

[Event "*** Titled Tuesday Blitz"]
[Site "Chess.com"]
[Date "2020.02.04"]
[Round "8"]
[White "Gordima"]
[Black "crescentmoon2411"]
[Result "1-0"]
[WhiteElo "2810"]
[BlackElo "2936"]
[TimeControl "180+2"]
[EndTime "10:54:04 PST"]
[Termination "Gordima won by resignation"]

1. d4 Nf6 2. Nf3 g6 3. Bg5 Bg7 4. Nbd2 d5 5. e3 O-O 6. Bd3 Nbd7 7. c3 c5 8. O-O b6 9. h3 Bb7 10. Bf4 Ne4 11. Qe2 Nxd2 12. Qxd2 e6 13. a4 a6 14.
a5 c4 15. Bc2 b5 16. Bd6 Re8 17.
Rfe1 Rc8 18. Ne5 Nxe5 19. dxe5 f6 20. exf6 Qxf6 21. Bb4 e5 22. b3 d4 23. exd4 exd4 24. cxd4 Qxd4 25. Qxd4 Bxd4 26. Rxe8+ Rxe8 27. Rd1 Rd8 28.
Bc3 1-0

[Event "*** Titled Tuesday Blitz"]
[Site "Chess.com"]
[Date "2020.02.04"]
[Round "8"]
[White "GadimbayliA"]
[Black "Sergey85Rodchenkov"]
[Result "1-0"]
[WhiteElo "2921"]
[BlackElo "2569"]
[TimeControl "180+2"]
[EndTime "10:54:10 PST"]
[Termination "GadimbayliA won by resignation"]

1. e4 c5 2. Nf3 e6 3. d4 cxd4 4. Nxd4 a6 5. Bd3 Qc7 6. O-O Nf6 7. Qe2 d6 8. c4 g6 9. Nc3 Bg7 10. Be3 O-O 11. Rac1 Nbd7 12. Rfd1 b6 13. b4 Bb7 14.
f3 Rac8 15. Nb3 h5 16. Qf2 Rfe8 17. Na4 Qb8 18. Nxb6 Nxb6 19. Bxb6 d5 20. exd5 exd5 21. Bd4 dxc4 22. Bxc4 Rcd8 23. Qc2 Bd5 24. Bxf6 Bxc4 25. Bxd8 Bxb3 26. axb3 1-0

[Event "*** Titled Tuesday Blitz"]
[Site "Chess.com"]
[Date "2020.02.04"]
[Round "8"]
[White "SergioGarciaFuentes"]
[Black "Irishchessman16"]
[Result "0-1"]
[WhiteElo "2164"]
[BlackElo "2247"]
[TimeControl "180+2"]
[EndTime "10:54:39 PST"]
[Termination "Irishchessman16 won by resignation"]

1. Nf3 Nf6 2. g3 d5 3. Bg2 e6 4.
O-O c5 5. d4 cxd4 6. Nxd4 e5 7.
Nb3 Nc6 8. Nc3 Be6 9. Bg5 d4 10. Ne4 Be7 11. Nec5 Bc8 12. f4 Ng4 13. Bxe7 Qxe7 14. fxe5 Ne3 15. Qd3 Nxf1 16. Rxf1 O-O 17. Bxc6 bxc6 18. Qxd4 Be6 19. Qd6 Rfe8 20. Qxe7 Rxe7 21.
Nd4 Bd5 22. e4 Bc4 23. Rf5 g6 24. Nxc6 Rc7 25. Rf6 Rac8 0-1

[Event "*** Titled Tuesday Blitz"]
[Site "Chess.com"]
[Date "2020.02.04"]
[Round "8"]
[White "Hydrargyrum_Girl"]
[Black "csati17"]
[Result "0-1"]
[WhiteElo "2184"]
[BlackElo "2534"]
[TimeControl "180+2"]
[EndTime "10:54:52 PST"]
[Termination "csati17 won by resignation"]

1. d4 Nf6 2. Nc3 e6 3. e4 d5 4. Bg5 dxe4 5. Nxe4 Be7 6. Bxf6 gxf6 7. Nf3 f5 8. Nc3 a6 9. g3 b5 10. Bg2 Bb7 11.
O-O O-O 12. Ne5 Bxg2 13. Kxg2 Qd6 14. Qd3 Nd7 15. Nf3 Nb6 16. Rad1 Rad8 17. b3 c5 18. Ne2 c4 19. Qe3 Nd5 20. Qh6 Bf6 21. Neg1 Bg7 22. Qh4 Nc3 23. Rd2 Ne4 24. Rdd1 cxb3 25. cxb3 Rc8 26.
Nh3 h6 27. Rc1 Qa3 28. Nf4 Rxc1 29. Nh5 Rxf1 30. Kxf1 Qc1+ 31. Kg2 Qc2 0-1

[Event "*** Titled Tuesday Blitz"]
[Site "Chess.com"]
[Date "2020.02.04"]
[Round "8"]
[White "BabyBoss31"]
[Black "kinga2008"]
[Result "0-1"]
[WhiteElo "2195"]
[BlackElo "1972"]
[TimeControl "180+2"]
[EndTime "10:54:59 PST"]
[Termination "kinga2008 won by resignation"]

1. d4 Nf6 2. c4 d6 3. Nc3 g6 4. e4 Bg7 5. Nf3 O-O 6. h3 c6 7. Be2 e5 8. d5 cxd5 9. cxd5 a6 10.
Be3 b5 11. a3 Nbd7 12. g4 Bb7 13. Qd2 Nb6 14. Bh6 Rc8 15. Bxg7 Kxg7 16. Rg1 Nc4 17. Bxc4 Rxc4 18. Qe3 Qa5 19. Nd2 Rcc8 20. Nb3 Qc7 21. h4 Ba8 22. h5 Qc4 23. hxg6 Qxb3 24. g5 Ne8 25. gxh7 Qxb2 26. Rc1 Kh8 27. g6 fxg6 28. Rxg6 Ng7 29. Rxg7 Kxg7 30. Qg5+ Kh8 31. Ne2 Rxc1+ 32. Nxc1 Qxf2+ 33. Kd1 Qf1+ 34. Kc2 Rc8+ 35. Kb3 Qc4+ 36. Kb2 Qxc1+ 37. Qxc1 Rxc1 38. Kxc1 Kxh7 39. Kb2 Kg6 40. Kc3 Kg5 41. Kb4 Kf4 42. Ka5 Kxe4 43. Kxa6 Kxd5 44. Kxb5 e4 45. a4 e3 46. a5 e2 47. a6 0-1

[Event "*** Titled Tuesday Blitz"]
[Site "Chess.com"]
[Date "2020.02.04"]
[Round "8"]
[White "MaxLeto"]
[Black "WeAintSurePal"]
[Result "0-1"]
[WhiteElo "2330"]
[BlackElo "2421"]
[TimeControl "180+2"]
[EndTime "10:55:03 PST"]
[Termination "WeAintSurePal won by resignation"]

1. e4 c6 2. Nc3 d5 3. Nf3 dxe4 4. Nxe4 Nf6 5. Nxf6+ exf6 6. d4 Bd6 7. Be2 O-O 8. O-O Re8 9. Re1 Nd7 10. Be3 Nf8 11. c4 Bg4 12. h3 Bh5 13. a3 Bc7 14. d5 Qd7 15. dxc6 Qxc6 16. Qd5 Qxd5 17. cxd5 Rad8 18.
Red1 Bb6 19. Bxb6 axb6 20. Bb5 Bxf3 21. gxf3 Re5 22. Bc4 Ng6 23. Rd4 Rf5 24. Kg2 Nf4+ 25. Kg3 Nh5+ 26. Kg2 Rg5+ 27. Kh2 Rf5 28. Kg2 g5 29.
Rad1 Nf4+ 30. Kg3 h5 31. h4 Rd6 32. Re4 Kg7 33. Re7 gxh4+ 34. Kxh4 Ng6+ 0-1

[Event "*** Titled Tuesday Blitz"]
[Site "Chess.com"]
[Date "2020.02.04"]
[Round "8"]
[White "AleksanderHnydiuk"]
[Black "Coiote53"]
[Result "1-0"]
[WhiteElo "2547"]
[BlackElo "2604"]
[TimeControl "180+2"]
[EndTime "10:55:11 PST"]
[Termination "AleksanderHnydiuk won by resignation"]

1. Nf3 d5 2. d4 Nf6 3. c4 dxc4 4. e3 b5 5. a4 b4 6. Bxc4 e6 7. O-O Be7 8. Nbd2 Bb7 9. Re1 Nbd7 10. e4 O-O 11. e5 Nd5 12. Ne4 c5 13. Bg5 cxd4 14. Qxd4 Bxg5 15. Nfxg5 Qb6 16. Qd3 a5 17. Nd6 g6 18.
Qh3 h5 19. Ngxf7 Nxe5 20. Rxe5 Rxf7 21. Qxe6 Qxf2+ 22. Kh1 Rf8 23. Bxd5 Qxb2 24. Qxg6+ Kh8 25. Rxh5+ 1-0

[Event "*** Titled Tuesday Blitz"]
[Site "Chess.com"]
[Date "2020.02.04"]
[Round "8"]
[White "Ariadna_Atreides"]
[Black "SHIVACalypso"]
[Result "0-1"]
[WhiteElo "2052"]
[BlackElo "2214"]
[TimeControl "180+2"]
[EndTime "10:55:11 PST"]
[Termination "SHIVACalypso won by resignation"]

1. d4 Nf6 2. Nf3 g6 3. c4 Bg7 4.
Nc3 O-O 5. e4 d6 6. Be2 Nbd7 7.
O-O e5 8. d5 Nc5 9. Bg5 a5 10.
Nd2 h6 11. Be3 Ne8 12. a3 f5 13. b4 axb4 14. axb4 Rxa1 15. Qxa1 Na6 16. b5 Nc5 17. f3 b6 18. Na4 f4 19. Bf2 g5 20. Nxc5 dxc5 21.
Nb3 Nd6 22. Qb1 h5 23. Qd3 g4 24. Ra1 Qg5 25. Ra8 g3 26. Be1 Qh4 27. h3 Bxh3 28.
Rxf8+ Bxf8 29. Nd2 Bxg2 0-1

[Event "*** Titled Tuesday Blitz"]
[Site "Chess.com"]
[Date "2020.02.04"]
[Round "8"]
[White "tunadrol"]
[Black "ChessLover0108"]
[Result "1-0"]
[WhiteElo "2595"]
[BlackElo "2722"]
[TimeControl "180+2"]
[EndTime "10:55:12 PST"]
[Termination "tunadrol won by resignation"]

1. e4 c5 2. Nf3 d6 3. d4 cxd4 4. Nxd4 Nf6 5. Nc3 a6 6. h3 e5 7.
Nde2 b5 8. g4 b4 9. Nd5 Nxd5 10.
Qxd5 Ra7 11. Be3 Be6 12. Qd2 Rd7 13. c4 Bxc4 14. Ng3 Bxf1 15. Kxf1 d5 16. exd5 Rxd5 17. Qc2 g6 18. Rc1 Bg7 19. Qa4+ Rb5 20. Kg2 Qd5+ 21. f3 O-O 22. Rhd1 Qb7 23. Ne4 Rd5 24. Rxd5 Qxd5 25. g5 Qd3 26. Bf2 h6 27. h4 hxg5 28. hxg5 Qe2 29.
Qxb4 Nd7 30. Rc7 Rb8 31. Qe7 1-0

[Event "*** Titled Tuesday Blitz"]
[Site "Chess.com"]
[Date "2020.02.04"]
[Round "8"]
[White "Shield12"]
[Black "Anton_Demchenko"]
[Result "0-1"]
[WhiteElo "2890"]
[BlackElo "2969"]
[TimeControl "180+2"]
[EndTime "10:55:22 PST"]
[Termination "Anton_Demchenko won by resignation"]

1. e4 e5 2. Nf3 Nc6 3. Bc4 Nf6 4.
d3 Be7 5. O-O O-O 6. Re1 d6 7.
a4 Kh8 8. a5 a6 9. c3 Ng8 10.
d4 Bg4 11. d5 Nb8 12. h3 Bxf3 13. Qxf3 Bg5 14. Nd2 g6 15. Bd3 Nd7 16. g3 h5 17.
h4 Bh6 18. b4 Ngf6 19. Nc4 Bxc1 20. Raxc1 Ng4 21. Qd1 f5 22. exf5 gxf5 23. f3 Nh6 24. f4 Ng4 25. Ne3 exf4 26. Nxf5 Nde5 27. gxf4 Rxf5 28. Bxf5 Qxh4 29. Rc2 Rg8 30. Rg2 Nf3+ 31. Kf1 Qh1+ 32. Ke2 Qxg2+ 0-1

[Event "*** Titled Tuesday Blitz"]
[Site "Chess.com"]
[Date "2020.02.04"]
[Round "8"]
[White "RaunakSadhwani2005"]
[Black "petrpalachev"]
[Result "0-1"]
[WhiteElo "2744"]
[BlackElo "2679"]
[TimeControl "180+2"]
[EndTime "10:55:32 PST"]
[Termination "petrpalachev won by resignation"]

1. c4 e6 2. Nf3 d5 3. d4 Nf6 4. g3 dxc4 5. Bg2 a6 6. O-O Nc6 7. e3 Bd7 8. Qe2 Bd6 9. Qxc4 O-O 10. Nc3 b5 11. Qe2 Rb8 12. e4 b4 13. Nb1 e5 14. d5 Nd4 15. Nxd4 exd4 16. Rd1 Bb5 17. Qe1 Re8 18. Bg5 h6 19. Bxf6 Qxf6 20. f4 d3 21. Qf2 Qe7 22. Rc1 f6 23. Nd2 g5 24. e5 fxe5 25.
f5 Qf7 26. Ne4 Bf8 27. a4 bxa3 28. bxa3 Rb6 29. a4 Bd7 30. Rxc7 Reb8 31. Rf1 Rb2 32. Qa7 Rxg2+ 33. Kxg2 Qxd5 34. Rxd7 Qxe4+ 35. Kh3 Rb2 36. Rf2 Rxf2 37. Qxf2 Qe2 38. Kg2 Bc5 39. Rd8+ Kf7 40. Rd7+ Kf8 41. Rd8+ Ke7 0-1

[Event "*** Titled Tuesday Blitz"]
[Site "Chess.com"]
[Date "2020.02.04"]
[Round "8"]
[White "VladDobrov"]
[Black "Rodchenkov_Vitalij"]
[Result "1-0"]
[WhiteElo "2906"]
[BlackElo "2602"]
[TimeControl "180+2"]
[EndTime "10:55:34 PST"]
[Termination "VladDobrov won by resignation"]

1. e4 e6 2. d4 d5 3. Nc3 Bb4 4. e5 b6 5. Qg4 Bf8 6. f4 Qd7 7.
Nf3 Ba6 8. Bxa6 Nxa6 9. O-O Ne7 10. a3 c5 11. Be3 Nf5 12. Bf2 Rc8 13. Rad1 Be7 14. Qh3 O-O 15. dxc5 Bxc5 16. g4 Ne3 17. Ng5 h6 18. Bxe3 hxg5 19. f5 Qc7 20. Rfe1 Rfd8 21. Nb5 Qd7 22. Nd4 Bxd4 23. Rxd4 Rxc2 24. Bxg5 Nc7 25. f6 Ne8 26. fxg7 Nxg7 27. Bf6 Qe8 28.
Qh6 Qf8 29. g5 Rc4 30. Rd3 Rg4+ 31. Kh1 1-0

[Event "*** Titled Tuesday Blitz"]
[Site "Chess.com"]
[Date "2020.02.04"]
[Round "8"]
[White "vladimirdamjanovic"]
[Black "bhavesh1810"]
[Result "1-0"]
[WhiteElo "2616"]
[BlackElo "2148"]
[TimeControl "180+2"]
[EndTime "10:55:36 PST"]
[Termination "vladimirdamjanovic won by resignation"]

1. d4 Nf6 2. c4 e6 3. Nf3 d5 4. Nc3 Be7 5. cxd5 exd5 6. Bg5 O-O 7. Qc2 c6 8. e3 Re8 9. Bd3 Nbd7 10. O-O Nf8 11. h3 g6 12. Rab1 Ne6 13. Bxf6 Bxf6 14. b4 a6 15. a4 b5 16. Nd2 Ng7 17. Nb3 Nf5 18. Ne2 Bd7 19. Nc5 Nd6 20. Nc1 Nc4 21. Bxc4 bxc4 22. Qc3 Bf5 23. Rb2 h5 24. Ne2 Qc8 25. Kh2 Kg7 26. Ng3 Bd7 27. e4 h4 28.
Ne2 dxe4 29. Qxc4 Bf5 30. Nc3 Rd8 31. Rd1 Qc7+ 32. Kg1 Qe7 33. Re2 a5 34. N3xe4 axb4 35. Ng3 hxg3 36. Rxe7 gxf2+ 37. Kxf2 Bxe7 38. Qxb4 Bh4+ 39. Kg1 Rab8 40. Qc3 Bf6 41. a5 Rd5 42. a6 Re8 43. a7 Ra8 44. Qa5 Bxd4+ 45. Rxd4 Rxd4 46. Qa1 Rd8 47. Nb3 c5 48. Nxd4 cxd4 49. a8=Q Rxa8 50. Qxa8 1-0

[Event "*** Titled Tuesday Blitz"]
[Site "Chess.com"]
[Date "2020.02.04"]
[Round "8"]
[White "OhanyanEminChess"]
[Black "killer311"]
[Result "1/2-1/2"]
[WhiteElo "2453"]
[BlackElo "2247"]
[TimeControl "180+2"]
[EndTime "10:55:39 PST"]
[Termination "Game drawn by repetition"]

1. e4 c5 2. Nf3 Nc6 3. d4 cxd4 4. Nxd4 Nf6 5. Nc3 e5 6. Ndb5 d6 7. Bg5 a6 8. Na3 b5 9. Bxf6 gxf6 10. Nd5 f5 11. c3 Bg7 12. exf5 Bxf5 13. Nc2 O-O 14. Nce3 Be6 15. Bd3 f5 16. O-O Ra7 17. a4 e4 18. Nf4 Bd7 19. axb5 exd3 20. bxc6 Bxc6 21. Qxd3 Be4 22. Qc4+ Kh8 23. Ne6 d5 24. Qe2 Qd6 25. Nxf8 Bxf8 26. Qh5 f4 27. Nf5 Qf6 28.
Nd4 Rg7 29. f3 Rg5 30. Qe8 Bg6 31. Qe6 Qg7 32. Qe2 Bd3 33. Qxd3 Rxg2+ 34. Kh1 Rxh2+ 35.
Kxh2 Qg3+ 36. Kh1 Qh3+ 37. Kg1 Qg3+ 38. Kh1 Qh3+ 39. Kg1 Qg3+ 40. Kh1 1/2-1/2

[Event "*** Titled Tuesday Blitz"]
[Site "Chess.com"]
[Date "2020.02.04"]
[Round "8"]
[White "DamianoLew95"]
[Black "Harry_Rakkel"]
[Result "0-1"]
[WhiteElo "2587"]
[BlackElo "2541"]
[TimeControl "180+2"]
[EndTime "10:55:50 PST"]
[Termination "Harry_Rakkel won by resignation"]

1. d4 d5 2. Bf4 e6 3. e3 Bd6 4. c3 Bxf4 5. exf4 Nf6 6. Nd2 O-O 7. Ngf3 b6 8. Bd3 c5 9. O-O Ba6 10. Bxa6 Nxa6 11. Re1 cxd4 12. Nxd4 Nc5 13. N2f3 g6 14. g3 a6 15. Ne5 Qd6 16. h4 b5 17. Qe2 Rab8 18.
a3 Rfc8 19. Rad1 Qb6 20. Kg2 a5 21. g4 b4 22. axb4 axb4 23. cxb4 Ncd7 24. Nec6 Rxc6 25.
Nxc6 Qxc6 26. h5 Rxb4 27. Rc1 Qb7 28. Qf3 Rxb2 29. f5 exf5 30. hxg6 hxg6 31. gxf5 g5 32. Rh1 Rb3 33. Rc3 Rxc3 34. Qxc3 d4+ 35. Qf3 Qxf3+ 36. Kxf3 Ne5+ 37. Ke2 Nd5 38. Ra1 Kg7 39. Ra6 Nf4+ 40.
Kd1 Ng4 41. f3 Ne3+ 42. Kd2 Nxf5 0-1

[Event "*** Titled Tuesday Blitz"]
[Site "Chess.com"]
[Date "2020.02.04"]
[Round "8"]
[White "rpragchess"]
[Black "Atanejhad"]
[Result "0-1"]
[WhiteElo "2787"]
[BlackElo "2615"]
[TimeControl "180+2"]
[EndTime "10:55:51 PST"]
[Termination "Atanejhad won by checkmate"]

1. Nf3 Nf6 2. g3 d5 3. Bg2 c6 4.
O-O Bf5 5. d3 Nbd7 6. c4 e6 7.
cxd5 exd5 8. Nc3 Bc5 9. Qb3 Bb6 10. a4 a5 11. e4 dxe4 12. dxe4 Be6 13. Qc2 O-O 14.
Rd1 Ng4 15. Rd2 Qf6 16. Re2 Bc4 17. Bg5 Qg6 18. Rd2 Nde5 19. Nxe5 Nxe5 20. Bf4 Rfe8 21. h3 Qf6 22. Rad1 Ng6 23. Rd6 Be6 24. Bc1 Qe5 25.
Kh2 Rad8 26. f4 Qc5 27. Rxd8 Rxd8 28. f5 Rxd1 29. Qxd1 Bb3 30. Qf1 Ne5 31. Bf4 f6 32. Qe2 Qg1# 0-1

[Event "*** Titled Tuesday Blitz"]
[Site "Chess.com"]
[Date "2020.02.04"]
[Round "8"]
[White "arminmusovic"]
[Black "mortngabriel"]
[Result "0-1"]
[WhiteElo "2538"]
[BlackElo "2432"]
[TimeControl "180+2"]
[EndTime "10:55:51 PST"]
[Termination "mortngabriel won by resignation"]

1. a3 g6 2. Nc3 Bg7 3. d4 d5 4. Bg5 h6 5. Bh4 c5 6. e3 Nc6 7. Bb5 cxd4 8. exd4 Nf6 9. Nge2 O-O 10. O-O Bf5 11. f3 Qb6 12. Bf2 a6 13. Bd3 Bxd3 14. Qxd3 e6 15. Na4 Qc7 16. Rac1 Rfd8 17. Bg3 Qa5 18. Nc5 Qb6 19. b4 a5 20. Na4 Qa7 21.
b5 Ne7 22. Bc7 Rdc8 23. b6 Qa6 24. Nc5 Qxd3 25. cxd3 Ne8 26. Nxb7 Nxc7 27. Rxc7 Rxc7 28.
bxc7 Rc8 29. Rc1 Nf5 30. Kf1 Bf8 31. a4 Bd6 32. Nxa5 Rxc7 33. Rxc7 Bxc7 34. Nc6 Kf8 35. a5 Ne7 36. a6 Nxc6 37. g3 Bb6 0-1

[Event "*** Titled Tuesday Blitz"]
[Site "Chess.com"]
[Date "2020.02.04"]
[Round "8"]
[White "WelshTiger"]
[Black "Andro2"]
[Result "1-0"]
[WhiteElo "2317"]
[BlackElo "2423"]
[TimeControl "180+2"]
[EndTime "10:55:52 PST"]
[Termination "WelshTiger won on time"]

1. e4 c5 2. Nf3 d6 3. d4 cxd4 4. Nxd4 Nf6 5. Nc3 a6 6. Be2 e5 7.
Nf3 Be7 8. Bg5 Be6 9. Bxf6 Bxf6 10. Nd5 Be7 11. Bc4 Nd7 12. Qe2 Rc8 13. O-O O-O 14.
Rfd1 Kh8 15. Bb3 Nc5 16. Rd2 f5 17. exf5 Bxf5 18. Nxe7 Qxe7 19. Rad1 Rcd8 20. Nd4 Bc8 21. Bd5 Qg5 22. Nb3 Bg4 23. f3 Nxb3 24. axb3 Bc8 25.
Be4 Qf6 26. Qc4 Qh6 27. Qc3 Qg5 28. Rxd6 1-0

[Event "*** Titled Tuesday Blitz"]
[Site "Chess.com"]
[Date "2020.02.04"]
[Round "8"]
[White "Funkmaus"]
[Black "WPWPWP-2015"]
[Result "0-1"]
[WhiteElo "2171"]
[BlackElo "2510"]
[TimeControl "180+2"]
[EndTime "10:55:54 PST"]
[Termination "WPWPWP-2015 won by resignation"]

1. d4 d5 2. Nf3 Nf6 3. Bf4 c6 4. e3 Bg4 5. Be2 Nbd7 6. h3 Bxf3 7.
Bxf3 e6 8. O-O Be7 9. Nd2 O-O 10.
c4 Rc8 11. a3 Re8 12. b4 Bf8 13. Qb3 Nb6 14. c5 Nbd7 15. a4 e5 16. dxe5 Nxe5 17.
Rfd1 Nxf3+ 18. Nxf3 Ne4 19. Rd4 a5 20. bxa5 Nxc5 21. Qb6 Qxb6 22. axb6 Nb3 23. Ra2 Nxd4 24. Nxd4 Bc5 25. Nf5 Ra8 26. Bc7 Ra5 27. Rc2 g6 28. Nh6+ Kg7 29. Ng4 f6 30. Nh2 Bf8 31. Nf3 Rxa4 32.
Nd4 Kf7 33. Nxc6 bxc6 34. b7 Rb4 35. b8=Q Rexb8 36. Bxb8 Rxb8 37. Rxc6 Rb7 0-1

[Event "*** Titled Tuesday Blitz"]
[Site "Chess.com"]
[Date "2020.02.04"]
[Round "8"]
[White "Elshan1985"]
[Black "vinniethepooh"]
[Result "0-1"]
[WhiteElo "2689"]
[BlackElo "2799"]
[TimeControl "180+2"]
[EndTime "10:55:55 PST"]
[Termination "vinniethepooh won by resignation"]

1. c4 Nf6 2. Nc3 e6 3. d4 Bb4 4. e3 O-O 5. Ne2 b6 6. a3 Bxc3+ 7. Nxc3 Bb7 8. d5 exd5 9. cxd5 c6 10. dxc6 dxc6 11.
Qxd8 Rxd8 12. b4 Ba6 13. Bb2 Bxf1 14. Rxf1 Na6 15. Ke2 Nc7 16. Rac1 Ne6 17. Rfd1 Rxd1 18. Nxd1 c5 19. f4 Ne4 20. Kf3 f5 21. g4 g6 22.
gxf5 gxf5 23. Nf2 Nxf2 24. Kxf2 Rd8 25. Ke2 Kf7 26. bxc5 Nxc5 27. Bd4 Ne6 28. Be5 Rd5 29. Rc8 Rd8 30. Rc4 Rd5 31. Rc8 Rd8 32. Rc3 Rd5 33.
h4 Rc5 34. Rd3 Ke8 35. h5 Rc2+ 36. Kf3 Nc5 37. Rc3 Ra2 38. Rc4 Ne4 39. Rxe4 fxe4+ 0-1

[Event "*** Titled Tuesday Blitz"]
[Site "Chess.com"]
[Date "2020.02.04"]
[Round "8"]
[White "zurzan"]
[Black "FearNoEvil12"]
[Result "0-1"]
[WhiteElo "1980"]
[BlackElo "2003"]
[TimeControl "180+2"]
[EndTime "10:55:57 PST"]
[Termination "FearNoEvil12 won by resignation"]

1. f4 b5 2. Nf3 Bb7 3. g3 a6 4. Bg2 e6 5. O-O Nf6 6. d3 d6 7. e4 Nbd7 8. Qe1 Be7 9. Be3 h5 10. h3 h4 11. g4 Nxg4 12. hxg4 h3 13. Bh1 Nf6 14. g5 Ng4 15. Nh2 Nxe3 16. Qxe3 d5 17. e5 c5 18. c3 Qc7 19. d4 O-O-O 20. Nd2 Rh4 21. Rf3 f6 22. Rxh3 Rxh3 23. Qxh3 cxd4 24. Qxe6+ Kb8 25. cxd4 fxg5 26. f5 Rh8 27. Ndf3 g4 28. Nxg4 Bh4 29. f6 gxf6 30. Nxf6 Qc2 31. Nd7+ Ka8 32. Rf1 Bg3 33. Nb6+ Ka7 34. Bg2 Qe2 35.
Nxd5 Bxd5 36. Qxd5 Qe3+ 0-1

[Event "*** Titled Tuesday Blitz"]
[Site "Chess.com"]
[Date "2020.02.04"]
[Round "8"]
[White "Bigfish1995"]
[Black "EmmaChess"]
[Result "1-0"]
[WhiteElo "3030"]
[BlackElo "2501"]
[TimeControl "180+2"]
[EndTime "10:55:59 PST"]
[Termination "Bigfish1995 won by resignation"]

1. d4 d6 2. c4 e5 3. Nf3 e4 4. Ng5 f5 5. Nc3 Nf6 6. h4 Be7 7. g3 O-O 8. Bg2 c5 9. d5 h6 10. Nh3 Nbd7 11. Nf4 Ne5 12. b3 a6 13. a4 Bd7 14.
O-O Qe8 15. f3 exf3 16. exf3 Qf7 17. Re1 Rae8 18. Ne6 Bxe6 19. dxe6 Qh5 20. f4 Qxd1 21. Rxd1 Nc6 22. Bb2 Nd4 23. Rxd4 cxd4 24. Nd5 Ne4 25. Bxe4 fxe4 26. Re1 Bxh4 27. gxh4 Rxe6 28. Bxd4 Rf5 29.
Kf2 b5 30. Rg1 g6 31. Ke3 Kf7 32. axb5 axb5 33. Nc7 Re7 34. Nxb5 1-0

[Event "*** Titled Tuesday Blitz"]
[Site "Chess.com"]
[Date "2020.02.04"]
[Round "8"]
[White "GM-2023"]
[Black "VALPARAISO37"]
[Result "0-1"]
[WhiteElo "2095"]
[BlackElo "2234"]
[TimeControl "180+2"]
[EndTime "10:56:01 PST"]
[Termination "VALPARAISO37 won on time"]

1. e4 e5 2. Nf3 Nc6 3. d4 exd4 4. Nxd4 Bc5 5. Nb3 Bb6 6. Nc3 Nge7 7. Qe2 O-O 8. Be3 d6 9. O-O-O f5 10. Bg5 f4 11. g3 f3 12. Qd2 Qe8 13. Bc4+ Kh8 14. h4 Ne5 15. Bd3 Ng4 16. Rdf1 Be6 17. h5 h6 18. Bf4 a6 19. Rh4 Qf7 20. Nd5 Nxd5 21. exd5 Bf5 22. Rxg4 Bxg4 23. Bxh6 Qxd5 24. Bf4 Rae8 25.
h6 Re2 26. hxg7+ Kxg7 27. Bh6+ Kf7 28. Bg6+ Kxg6 29. Qxd5 Kxh6 30. Rh1+ Kg6 31. Qd3+ Rf5 32. Nd4 Rxf2 0-1

[Event "*** Titled Tuesday Blitz"]
[Site "Chess.com"]
[Date "2020.02.04"]
[Round "8"]
[White "BvsN"]
[Black "Nalatac"]
[Result "0-1"]
[WhiteElo "2305"]
[BlackElo "2268"]
[TimeControl "180+2"]
[EndTime "10:56:03 PST"]
[Termination "Nalatac won on time"]

1. d4 d5 2. c4 c6 3. Nc3 Nf6 4. e3 e6 5. Nf3 Nbd7 6. Qc2 Bd6 7. Bd3 O-O 8. O-O dxc4 9. Bxc4 e5 10. Bb3 Qe7 11. h3 b5 12. Ng5 Bb7 13. Nce4 Bc7 14. Nc5 Nxc5 15. dxc5 e4 16. f3 Qe5 17. f4 Qe7 18. h4 Bc8 19. Bd2 Bf5 20. Bc3 h6 21.
Rad1 hxg5 22. hxg5 Nd5 0-1

[Event "*** Titled Tuesday Blitz"]
[Site "Chess.com"]
[Date "2020.02.04"]
[Round "8"]
[White "HarryCun"]
[Black "Zarikovs1999"]
[Result "1/2-1/2"]
[WhiteElo "2133"]
[BlackElo "2342"]
[TimeControl "180+2"]
[EndTime "10:56:09 PST"]
[Termination "Game drawn by agreement"]

1. Nf3 Nf6 2. g3 b6 3. Bg2 Bb7 4. O-O e6 5. d3 d5 6. c4 dxc4 7.
dxc4 Qxd1 8. Rxd1 c5 9. Nc3 Be7 10. Nb5 Na6 11. Bf4 O-O 12. Ne5 Bxg2 13. Kxg2 Rfd8 14.
Nc6 Re8 15. Bg5 h6 16. Bf4 g5 17. Be5 Ng4 18. Bc3 Bf6 19. Bxf6 Nxf6 20. Ncxa7 Red8 21. Nc6 Rxd1 22. Rxd1 Kf8 23. a3 Rc8 24. Ne5 Nc7 25. Nd7+ Nxd7 26. Rxd7 Nxb5 27. cxb5 c4 28. Rb7 c3 29. bxc3 Rxc3 30. Rxb6 Rxa3 31. Rb7 Kg7 32.
b6 Rb3 33. e3 g4 34. Rb8 h5 35. b7 Rb1 36. h3 Kh7 37. hxg4 hxg4 38. e4 1/2-1/2